 Dungeon Crawl Stone Soup version 0.29-a0-330-g52719c12eb (webtiles) character file.

Game seed: 5231092816818395911

954 tilp the Skirmisher (level 7, -7/60 HPs)
             Began as a Black Draconian Hedge Wizard on May 23, 2022.
             Blown up by Ijyb (21 damage)
             ... with a mindburst bolt
             ... on level 5 of the Dungeon.
             The game lasted 00:10:45 (7631 turns).

tilp the Skirmisher (Black Draconian Hedge Wizard)  Turns: 7631, Time: 00:10:45

Health: -7/60      AC:  6    Str: 13    XL:     7   Next: 90%
Magic:  11/11      EV: 12    Int: 16    God:
Gold:   156        SH:  0    Dex: 10    Spells: 5/12 levels left

rFire   . . .      SeeInvis .   a - +2 whip (elec)
rCold   . . .      Faith    .   (no shield)
rNeg    . . .      Spirit   .   (body armour unavailable)
rPois   +          Reflect  .   h - +0 hat
rElec   +          Harm     .   (no cloak)
rCorr   .          Rampage  .   (no gloves)
Will    .....                   (no boots)
Stlth   ++........              (no amulet)
HPRegen 0.20/turn               A - ring of poison resistance
MPRegen 0.12/turn               (no ring)

@: no status effects
A: breathe lightning, AC +6, unfitting armour, electricity resistance,
cold-blooded
a: Breathe Lightning


You were on level 5 of the Dungeon.
You visited 1 branch of the dungeon, and saw 6 of its levels.

You collected 311 gold pieces.
You spent 155 gold pieces at shops.

Inventory:

Hand Weapons
 a - a +2 whip of electrocution (weapon)
 b - a +0 hunting sling
 r - a +1 spear
 H - a +3 vampiric whip
Missiles
 j - 70 stones
 D - 4 boomerangs (quivered)
 E - 9 poisoned darts
Armour
 h - a +0 hat (worn)
Magical Staves
 i - a staff of fire
Jewellery
 e - an amulet of faith
 A - a ring of poison resistance (left hand)
 B - a ring of ice
Wands
 p - a wand of mindburst (13)
 t - a wand of charming (6)
 v - a wand of iceblast (9)
 G - a wand of flame (1)
Scrolls
 o - a scroll of enchant weapon
 s - a scroll of teleportation
 x - a scroll of vulnerability {unknown}
 y - a scroll of summoning
 C - a scroll of enchant armour {unknown}
 F - 2 scrolls of magic mapping
 I - a scroll of immolation {unknown}
 J - a scroll of identify
 K - 2 scrolls of blinking {unknown}
Potions
 c - a potion of magic
 d - 5 potions of brilliance
 f - 2 potions of ambrosia
 g - a potion of invisibility
 k - a potion of heal wounds
 l - 5 potions of curing
 m - 2 potions of lignification
 n - a potion of haste
 q - a potion of might
 u - a potion of attraction
 w - a potion of mutation
 z - a potion of degeneration {unknown}


   Skills:
 + Level 4.5 Fighting
 - Level 2.0 Throwing
 + Level 3.3 Dodging
 - Level 2.0 Stealth
 - Level 3.0 Spellcasting
 + Level 3.3 Conjurations
 - Level 2.0 Hexes
 - Level 1.0 Summonings
 - Level 4.0 Translocations
 + Level 1.6 Air Magic
 + Level 2.7 Evocations


You had 5 spell levels left.
You knew the following spells:

 Your Spells              Type           Power      Damage    Failure   Level
a - Magic Dart            Conj           52%        1d5       4%          1
b - Slow                  Hex            32%        N/A       9%          1
c - Blink                 Tloc           30%        N/A       5%          2
d - Mephitic Cloud        Conj/Pois/Air  7%         N/A       28%         3

Your spell library contained the following spells:

 Spells                   Type           Power      Damage    Failure   Level
 Call Imp                 Summ           5%         N/A       19%         2
 Conjure Flame            Conj/Fire      7%         6-21      28%         3


Dungeon Overview and Level Annotations

Branches:
Dungeon (6/15)             Temple (0/1) D:6

Altars:
Cheibriados

Shops:
D:3 ?

Annotations:
D:3 very incomplete, Grinder, Terence
D:4 Dowan, Duvessa
D:5 Ijyb


Innate Abilities, Weirdness & Mutations

You can breathe wild blasts of lightning.
Your glossy black scales are hard. (AC +6)
You cannot fit into any form of body armour.
You are resistant to electric shocks. (rElec)
You are cold-blooded and may be slowed by cold attacks.


Message History

Unknown command.
The hornet zombie attacks as you move away!
The hornet zombie barely misses you.
The hornet zombie attacks as you move away!
The hornet zombie hits you but does no damage.
The bullfrog zombie barely misses you. The hornet zombie hits you.
The bullfrog zombie hits you. The hornet zombie hits you.
* * * LOW HITPOINT WARNING * * *
The bullfrog zombie attacks as you move away!
The bullfrog zombie barely misses you. The hornet zombie hits you.
* * * LOW HITPOINT WARNING * * *
There is a stone staircase leading up here.
The bullfrog zombie closely misses you.
The hornet zombie hits you but does no damage.
You climb upwards.
The orc wizard shouts!
The orc priest shouts!
Found an escape hatch in the floor.
Found a stone staircase leading up.
There is a stone staircase leading down here.
Unknown command.
The orc shouts!
The phantom attacks as you move away! The phantom hits you.
* * * LOW HITPOINT WARNING * * *
The orc wizard misses you. The phantom attacks as you move away!
The phantom hits you but does no damage.
The orc wizard points at you and mumbles some strange words.
The magic dart hits you.
* * * LOW HITPOINT WARNING * * *
An iguana comes into view.
Found a spear.
Ijyb the Twisted Goblin comes into view.
She is wielding a +0 club and carrying a wand of mindburst (5).
Ijyb shouts!
A centaur comes into view. It is wielding a +0 falchion.
The orc priest mumbles some strange prayers to Beogh against you.
Beogh smites you!
* * * LOW HITPOINT WARNING * * *
A scorpion comes into view.
Ijyb zaps a wand.
Your mind is blasted!
You die...

#######........
#......>.......
######o##...........
#.....o##o..........
#......##........#..
#......o.........# #
#................#
#..........>.....#
#......@.........#
#......##.g....
#......# ......
######.) ...cl. #..
..... #.. ..## #.
.s# #.


You could see Ijyb, a centaur (wandering), an iguana (wandering), an orc priest,
an orc wizard and 2 orcs.

Vanquished Creatures
  An orc warrior (D:6)
  2 centaurs (D:6)
  2 necrophages
  4 scorpions
  2 jellies (D:5)
  A gnoll shaman (D:5)
  3 iguanas (D:6)
  Robin (D:2)
  3 gnolls (D:5)
  7 adders
  A worm (D:4)
  3 dart slugs
  5 orcs
  10 endoplasms
  A giant cockroach (D:2)
  12 goblins
  7 hobgoblins
  2 quokkas (D:1)
  6 ball pythons
  5 bats
  A frilled lizard (D:2)
  4 kobolds
  7 rats
90 creatures vanquished.

Notes
Turn   | Place    | Note
-------+----------+-------------------------------------------
     0 | D:1      | tilp the Draconian Hedge Wizard began the quest for the
                  | Orb.
     0 | D:1      | Reached XP level 1. HP: 14/14 MP: 4/4
     2 | D:1      | Learned a level 1 spell: Slow
   648 | D:1      | Reached XP level 2. HP: 22/22 MP: 6/6
   781 | D:1      | Reached skill level 1 in Fighting
  1152 | D:1      | Found a faded altar of an unknown god.
  1440 | D:2      | Reached skill level 1 in Hexes
  1440 | D:2      | Reached XP level 3. HP: 28/28 MP: 7/7
  1444 | D:2      | Learned a level 2 spell: Blink
  2193 | D:2      | Reached XP level 4. HP: 33/36 MP: 8/8
  2851 | D:2      | Noticed Robin
  3570 | D:2      | Killed Robin
  3849 | D:3      | Noticed Grinder
  3849 | D:3      | Noticed a sky beast
  3929 | D:3      | Found Izef's Magic Scroll Shoppe.
  3937 | D:3      | Bought a scroll of identify for 20 gold pieces
  3937 | D:3      | Bought a scroll of identify for 20 gold pieces
  3937 | D:3      | Bought a scroll of fear for 35 gold pieces
  3937 | D:3      | Bought a scroll of identify for 20 gold pieces
  3937 | D:3      | Bought 2 scrolls of teleportation for 60 gold pieces
  4010 | D:3      | Noticed Terence
  4186 | D:4      | Noticed Duvessa
  4187 | D:4      | Noticed Dowan
  4566 | D:4      | Found a snail-covered altar of Cheibriados.
  5095 | D:4      | Noticed a necrophage
  5109 | D:4      | Killed a necrophage
  5110 | D:4      | Reached skill level 1 in Throwing
  5110 | D:4      | Reached XP level 5. HP: 28/42 MP: 9/9
  5555 | D:4      | Reached skill level 1 in Evocations
  5865 | D:5      | Entered Level 5 of the Dungeon
  5884 | D:5      | Reached XP level 6. HP: 34/50 MP: 10/10
  6687 | D:5      | Your scales start taking on a glossy black colour.
  6687 | D:5      | Reached XP level 7. HP: 57/57 MP: 7/11
  6687 | D:5      | Gained mutation: You are resistant to electric shocks.
                  | (rElec) [Black Draconian growth]
  6820 | D:5      | You fall into a shaft and drop 1 floor!
  6924 | D:6      | Learned a level 3 spell: Mephitic Cloud
  7221 | D:6      | Reached skill level 1 in Air Magic
  7303 | D:6      | Found a staircase to the Ecumenical Temple.
  7627 | D:5      | Noticed Ijyb
  7631 | D:5      | Blown up by Ijyb

Illustrated notes

Levels and vault maps discovered:
D:1:      doesnt_arrival_eight_statues, layout_loops_corners,
          shapermc_ecumenical_altar_notcrosses, minmay_misc_feat_ornament
D:2:      layout_loops_corners, uniq_robin
D:3:      layout_basic, serial_shops, shop, minivault_25,
          uniq_crazy_yiuf_cottage, uniq_jessica, uniq_terence, uniq_grinder
D:4:      layout_loops_ring, chei_slow_surprise, minivault_11, uniq_duvessa
D:5:      layout_basic, kennysheep_another_room, uniq_ijyb
D:6:      layout_cave_pools, nicolae_yredelemnul_corpse_copse,
          minmay_temple_entry_drinking_statues

Skill      XL: |  1  2  3  4  5  6  7 |
---------------+----------------------+-----
Stealth        | 2 |  2.0
Dodging        | 2 3 |  3.3
Fighting       | 1 2 3 4 |  4.5
Hexes          | 1 2 |  2.0
Conjurations   | 2 3 |  3.3
Translocations | 2 3 4 |  4.0
Throwing       | 1 2 |  2.0
Evocations     | 1 2 |  2.7
Air Magic      | 1 |  1.6
Spellcasting   | |  3.0
Summonings     | |  1.0

Action                   |  1- 3 |  4- 6 |  7- 9 || total
-------------------------+-------+-------+-------++-------
Melee: Spear             |    43 |    92 |       ||   135
       Tailslap          |     5 |     9 |     7 ||    21
       Whip              |       |     9 |    67 ||    76
       Punch             |       |     1 |     1 ||     2
 Fire: Hunting sling     |    87 |   152 |       ||   239
Throw: Boomerang         |       |       |     2 ||     2
 Cast: Magic Dart        |     2 |    15 |     3 ||    20
       Slow              |       |     5 |     1 ||     6
       Blink             |       |     1 |       ||     1
Evoke: Wand              |       |     3 |       ||     3
  Use: Scroll            |     4 |     8 |     4 ||    16
       Potion            |       |       |     1 ||     1
 Stab: Sleeping          |     2 |       |     1 ||     3
Armor: Skin              |    23 |    64 |    16 ||   103
Dodge: Dodged            |    72 |   128 |    46 ||   246

Table legend: (Time is in decaauts)
 A = Elapsed time spent in this place.
 B = Non-inter-level travel time spent in this place.
 C = Inter-level travel time spent in this place.
 D = Time resting spent in this place.
 E = Time spent auto-exploring this place.
 F = Levels seen in this place.
 G = Mean time per level.
                   A        B        C        D        E       F      G
               +--------+--------+--------+--------+--------+-----+--------+
         Total |   7741 |   7509 |    232 |   1528 |   4643 |   6 | 1290.2 |
       Dungeon |   7741 |   7509 |    232 |   1528 |   4643 |   6 | 1290.2 |
               +--------+--------+--------+--------+--------+-----+--------+

Top non-repeatable levels by time:
     D:2: 2577 daAuts
     D:4: 1565 daAuts
     D:1: 1449 daAuts
     D:5: 978 daAuts
     D:6: 790 daAuts
     D:3: 379 daAuts
